 Dungeon Crawl Stone Soup version 0.27.1-33-g824d729ab1 (webtiles) character file.

Game seed: 13633427996502094023

1375 Tigers101 the Covered (level 8, -4/63 HPs)
             Began as a Human Wanderer on Dec 12, 2021.
             Was a Priest of Makhleb.
             Slain by a troll (11 damage)
             ... on level 8 of the Dungeon.
             The game lasted 00:22:14 (5667 turns).

Tigers101 the Covered (Human Wanderer)              Turns: 5667, Time: 00:22:15

Health: -4/63      AC:  9    Str: 12    XL:     8   Next: 98%
Magic:  0/8        EV: 13    Int:  9    God:    Makhleb [***...]
Gold:   186        SH:  0    Dex: 24    Spells: 7/7 levels left

rFire    . . .     SeeInvis .   g - +1 demon blade (venom)
rCold    . . .     Faith    .   (no shield)
rNeg     . . .     Spirit   +   n - +2 leather armour "Lirang" {rPois Dex+5 Stlth-}
rPois    +         Reflect  .   (no helmet)
rElec    .         Harm     .   j - +0 cloak
rCorr    .         Rampage  .   o - +0 pair of gloves
Will     .....                  c - +0 pair of boots
Stlth    +.........             k - amulet of guardian spirit
HPRegen  0.20/turn              (no ring)
MPRegen  0.11/turn              (no ring)

@: hasted, very quick
A: no striking features
a: Renounce Religion, Minor Destruction, Lesser Servant of Makhleb


You were on level 8 of the Dungeon.
You worshipped Makhleb.
Makhleb was most pleased with you.
You visited 1 branch of the dungeon, and saw 8 of its levels.

You collected 186 gold pieces.

Inventory:

Hand Weapons
 a - a +2 hand axe
 g - a +1 demon blade of venom (weapon)
 t - a +0 shortbow
Missiles
 u - 54 arrows
Armour
 b - a +0 ring mail
 c - a +0 pair of boots (worn)
 h - a +0 scale mail
 j - a +0 cloak (worn)
 n - the +2 leather armour "Lirang" (worn) {rPois Dex+5 Stlth-}
   (You found it on level 4 of the Dungeon)

   Dex:       It affects your dexterity (+5).
   rPois:     It protects you from poison.
   Stlth:     It makes you less stealthy.
 o - a +0 pair of gloves (worn)
Jewellery
 k - an amulet of guardian spirit (around neck)
Wands
 p - a wand of iceblast (6)
Scrolls
 d - 2 scrolls of noise
 e - a scroll of fog {unknown}
 f - 2 scrolls of blinking {unknown}
 l - a scroll of torment {unknown}
Potions
 i - 3 potions of degeneration
 m - a potion of flight {unknown}
 q - a potion of brilliance {unknown}
 s - a potion of lignification {unknown}


   Skills:
 + Level 5.4 Fighting
 + Level 5.1 Long Blades
 + Level 5.2 Axes
 + Level 1.0 Throwing
 + Level 5.4 Armour
 + Level 2.8 Dodging
 + Level 1.1 Stealth
 + Level 0.1 Invocations
 + Level 1.0 Evocations


You had 7 spell levels left.
You didn't know any spells.
Your spell library contained the following spells:

 Spells                   Type           Power      Damage    Failure   Level
 Ensorcelled Hibernation  Hex/Ice        0%         N/A       61%         2
 Slow                     Hex            0%         N/A       61%         2
 Sublimation of Blood     Necr           0%         N/A       61%         2
 Confusing Touch          Hex            0%         N/A       83%         3
 Conjure Flame            Conj/Fire      0%         6-21      83%         3
 Ignite Poison            Fire/Tmut/Pois 0%         N/A       83%         3
 Spider Form              Tmut/Pois      0%         N/A       83%         3
 Vampiric Draining        Necr           0%         2d6       83%         3
 Petrify                  Tmut/Erth      0%         N/A       99%         4
 Sticky Flame             Conj/Fire      0%         2d3       99%         4
 Irradiate                Conj/Tmut      0%         3d14      100%        5
 Shadow Creatures         Summ           N/A        N/A       100%        6


Dungeon Overview and Level Annotations

Branches:
Dungeon (8/15)             Temple (0/1) D:7
   Lair: D:8-11

Altars:
Makhleb
Nemelex Xobeh
Wu Jian

Shops:
D:2 [

Annotations:
D:3 Grinder


Message History

You slash the killer bee!
The killer bee is poisoned.
The killer bee is severely wounded.
You feel sick. The killer bee misses you. The killer bee closely misses you.
You hit the killer bee.
You kill the killer bee!
Makhleb accepts your kill.
You feel sick. The killer bee barely misses you.
You miss the killer bee.
You feel sick. The killer bee closely misses you.
The killer bee barely misses you.
You miss the killer bee.
You feel sick. The killer bee barely misses you.
The killer bee closely misses you.
You slash the killer bee!
The killer bee looks as sick as possible!
The killer bee is heavily wounded.
You feel sick.
You are no longer poisoned.
The killer bee barely misses you. x2; You riposte.
You slash the killer bee!
You kill the killer bee!
Makhleb accepts your kill.
You feel better.
Your Long Blades skill increases to level 5!
You see here a +0 whip.
Press: ? - help, v - describe, . - travel, g - get item
Here: a troll
Items here: a killer bee corpse; a killer bee corpse; a killer bee corpse.
The floor.
Items here: )) [[ ††.
The troll bites you!
* * * LOW HITPOINT WARNING * * *
The troll misses you. x2
Items here: )) [[ ††.
You hit the troll.
The troll is lightly wounded.
The troll bites you!
* * * LOW HITPOINT WARNING * * *
The troll claws you.
* * * LOW HITPOINT WARNING * * *
The troll claws you but does no damage.
You feel yourself speed up. The troll bites you!
You die...

.....#
####....##
#..††.?..#
##)###.#....
##..# # #
##..## #..##
#)T# ##@# #.#
#.#
#########.##
#<.........###
#............#
#..........#.#
#.......>..#.#
#..........# #


You could see a troll.

Vanquished Creatures
  An orc warrior (D:7)
  A sky beast (D:6)
  An ice beast (D:6)
  A black bear (D:6)
  An ogre (D:6)
  A centaur (D:7)
  A bullfrog (D:7)
  A scorpion (D:6)
  A gnoll sergeant (D:7)
  5 killer bees (D:8)
  A centaur zombie (D:7)
  4 hounds
  A jelly (D:5)
  An iguana (D:5)
  3 orc wizards
  3 gnolls (D:7)
  6 adders
  A white imp (D:6)
  A worm (D:3)
  3 dart slugs
  13 orcs
  3 endoplasms
  A giant cockroach (D:1)
  7 goblins
  5 hobgoblins
  4 quokkas
  5 ball pythons
  7 bats
  3 frilled lizards
  8 kobolds
  3 rats (D:2)
  A bush (D:1)
98 creatures vanquished.

Vanquished Creatures (others)
  2 plants (D:1)
2 creatures vanquished.

Grand Total: 100 creatures vanquished

Notes
Turn   | Place    | Note
-------+----------+-------------------------------------------
     0 | D:1      | Tigers101 the Human Wanderer began the quest for the Orb.
     0 | D:1      | Tigers101 set off with the following items: a +2 hand axe,
                  | a +0 ring mail, a potion of curing
     0 | D:1      | Reached XP level 1. HP: 18/18 MP: 1/1
    38 | D:1      | Found a faded altar of an unknown god.
    65 | D:1      | Became a worshipper of Makhleb the Destroyer
    65 | D:1      | Reached * piety under Makhleb
   324 | D:1      | Reached XP level 2. HP: 24/24 MP: 2/2
  1058 | D:2      | Found an ornate altar of the Wu Jian Council.
  1079 | D:2      | Reached XP level 3. HP: 20/29 MP: 3/3
  1187 | D:2      | Reached ** piety under Makhleb
  1283 | D:2      | Reached skill level 1 in Dodging
  1655 | D:2      | Reached XP level 4. HP: 36/36 MP: 4/4
  1929 | D:2      | Found Tismekho's Antique Armour Shop.
  2161 | D:3      | Reached XP level 5. HP: 42/42 MP: 5/5
  2711 | D:3      | Noticed Grinder
  2713 | D:3      | Paralysed by Grinder for 5 turns
  2726 | D:3      | Paralysed by Grinder for 2 turns
  2751 | D:3      | Paralysed by Grinder for 4 turns
  3286 | D:4      | Identified the +2 leather armour "Lirang" {rPois Dex+5
                  | Stlth-}
  3670 | D:5      | Entered Level 5 of the Dungeon
  3688 | D:5      | Found an ornate altar of the Wu Jian Council.
  3768 | D:5      | Reached XP level 6. HP: 27/48 MP: 6/6
  4307 | D:6      | Noticed a sky beast
  4323 | D:6      | Killed a sky beast
  4324 | D:6      | Reached skill level 5 in Armour
  4324 | D:6      | Reached XP level 7. HP: 49/54 MP: 7/7
  4425 | D:6      | Found a sparkling altar of Nemelex Xobeh.
  4710 | D:6      | Reached skill level 1 in Long Blades
  4710 | D:6      | Reached skill level 1 in Stealth
  4715 | D:6      | Reached skill level 5 in Axes
  5037 | D:6      | Reached XP level 8. HP: 58/61 MP: 8/8
  5044 | D:6      | Reached *** piety under Makhleb
  5229 | D:7      | Reached skill level 5 in Fighting
  5377 | D:7      | Found a staircase to the Ecumenical Temple.
  5640 | D:8      | Noticed a troll
  5658 | D:8      | Reached skill level 5 in Long Blades
  5667 | D:8      | Slain by a troll

Illustrated notes

Levels and vault maps discovered:
D:1:      shiori_shiawase, layout_loops_corners, serial_forest,
          infiniplex_forest_pool, infiniplex_forest_clump_C,
          infiniplex_forest_straight_2, infiniplex_forest_clump_medium,
          infiniplex_forest_clump_medium, infiniplex_forest_clump_medium,
          basic_ecumenical_altar
D:2:      layout_loops_ring, serial_shops, nicolae_diamond_shop, basic_altar,
          minmay_heptomino_o4
D:3:      layout_basic, elyvilon_altar_5, uniq_grinder, uniq_robin
D:4:      layout_loops_cross
D:5:      layout_loops_ring, mainiacjoe_overflow_24_doors,
          kennysheep_generic_room_13, uniq_eustachio
D:6:      layout_loops_ring, lemuel_round_altar, dk_noncrumbling_4,
          grunt_ministairs_1
D:7:      layout_cave_pods, nicolae_overflow_hidden_temple,
          minmay_temple_entry_arrows, uniq_maggie
D:8:      layout_rooms, lemuel_doored_altar,
          mainiacjoe_overflow_small_starburst, mainiacjoe_overflow_paths

Skill      XL: |  1  2  3  4  5  6  7  8 |
---------------+-------------------------+-----
Dodging        | 1 2 |  2.8
Axes           | 3 4 5 |  5.2
Armour         | 4 5 |  5.4
Fighting       | 4 5 |  5.4
Long Blades    | 1 5 |  5.1
Stealth        | 1 |  1.1
Throwing       | |  1.0
Invocations    | |  0.1
Evocations     | |  1.0

Action                   |  1- 3 |  4- 6 |  7- 9 || total
-------------------------+-------+-------+-------++-------
Melee: Hand axe          |   233 |   176 |       ||   409
       Demon blade       |       |       |   103 ||   103
Throw: Throwing net      |       |     1 |       ||     1
Invok: Minor Destruction |       |     1 |       ||     1
  Use: Potion            |     3 |     6 |     2 ||    11
       Scroll            |       |     4 |       ||     4
 Stab: Invisible         |     1 |       |       ||     1
       Held in net/web   |       |     2 |       ||     2
Armor: Ring mail         |    47 |    69 |       ||   116
       Leather armour    |       |    26 |    44 ||    70
Dodge: Dodged            |    61 |   105 |   102 ||   268
       Rpst.: Demon blade |       |       |    27 ||    27
